 Dungeon Crawl Stone Soup version 0.24-a0-520-g8fd06ad0bc (webtiles) character file.

Game seed: 17562790660505777742

65545 Froggeryz the Executioner (level 14, -4/130 HPs)
             Began as a Minotaur Berserker on July 27, 2019.
             Was the Champion of Trog.
             Hit by a large rock thrown by a cyclops (20 damage)
             ... on level 2 of the Orcish Mines.
             The game lasted 00:39:55 (20136 turns).

Froggeryz the Executioner (Minotaur Berserker)     Turns: 20136, Time: 00:39:55

Health: -4/130     AC: 19    Str: 24    XL:     14   Next: 75%
Magic:  13/13      EV: 11    Int:  4    God:    Trog [******]
Gold:   1891       SH:  0    Dex: 16    Spells: 13/13 levels left

rFire    . . .     SeeInvis .   D - +1 battleaxe (elec)
rCold    . . .     Gourm    .   (shield currently unavailable)
rNeg     . . .     Faith    .   y - +2 scale mail of the Shore {rCorr Slay+2 Stlth+}
rPois    .         Spirit   .   (helmet restricted)
rElec    .         Reflect  .   M - +0 cloak (curse)
rCorr    +         Harm     .   s - +1 pair of gloves
MR       ++++.                  (no boots)
Stlth    +.........             (no amulet)
HPRegen  1.31/turn              A - +3 ring of protection
MPRegen  0.13/turn              e - +3 ring of dexterity

@: regenerating
A: retaliatory headbutt, horns 2, icy blue scales 1, magic resistance 1
a: Berserk, Trog's Hand, Brothers in Arms, Renounce Religion


You were on level 2 of the Orcish Mines.
You worshipped Trog.
Trog was exalted by your worship.
You were hungry.

You visited 4 branches of the dungeon, and saw 21 of its levels.
You also visited: Volcano.

You collected 1891 gold pieces.

Inventory:

Hand Weapons
 p - a +1 antimagic battleaxe
 D - a +1 battleaxe of electrocution (weapon)
 K - a +0 glaive of flaming
 Q - a +7 antimagic executioner's axe
 V - a +3 battleaxe of chopping
Missiles
 r - a throwing net (quivered)
 C - 2 curare-tipped darts
Armour
 s - a +1 pair of gloves (worn)
 w - a +2 plate armour of fire resistance
 y - the +2 scale mail of the Shore (worn) {rCorr Slay+2 Stlth+}
   (You found it on level 7 of the Dungeon)

   It affects your accuracy and damage with ranged weapons and melee attacks
   (+2).
   It provides partial protection from all sources of acid and corrosion.
   It makes you more stealthy.
 M - a cursed +0 cloak (worn)
Jewellery
 e - a +3 ring of dexterity (right hand)
 A - a +3 ring of protection (left hand)
 N - an uncursed ring of ice
 U - an uncursed ring of fire
Wands
 q - a wand of iceblast (2)
 t - a wand of flame (20)
 B - a wand of polymorph (4)
 E - a wand of clouds (5)
 F - a wand of scattershot (13)
 I - a wand of acid (13)
 L - a wand of random effects (41)
 P - a wand of digging (6)
 R - a wand of paralysis (16)
Scrolls
 a - 8 scrolls of fear
 d - 9 scrolls of remove curse
 f - 5 scrolls of enchant armour
 g - 5 scrolls of fog
 h - a scroll of magic mapping
 i - 7 scrolls of teleportation
 j - 3 scrolls of immolation
 l - 2 scrolls of enchant weapon
 v - 2 scrolls of blinking
 G - 2 scrolls of identify
Potions
 b - 3 potions of agility
 k - 2 potions of invisibility
 n - 2 potions of berserk rage
 o - 6 potions of magic
 u - 4 potions of heal wounds
 x - 10 potions of curing
 z - 2 potions of ambrosia
 H - 2 potions of flight
 J - a potion of resistance
 O - 5 potions of brilliance
 S - a potion of haste
Miscellaneous
 T - a phantom mirror
Comestibles
 c - 38 rations


   Skills:
 + Level 13.8 Fighting
 * Level 23.7 Axes
 - Level 10.0 Armour
 - Level 2.1 Dodging


You had 13 spell levels left.
You didn't know any spells.
Your spell library was empty.

Dungeon Overview and Level Annotations

Branches:
Dungeon (12/15)            Temple (1/1) D:4            Lair (6/6) D:9
  Swamp (0/4) Lair:3        Snake (0/4) Lair:2        Slime (0/5) Lair:6
    Orc (2/2) D:12
    Elf: Orc:2

Altars:
Cheibriados
Elyvilon
Gozag
Uskayaw
Wu Jian
Xom
Beogh

Shops:
Orc:2 *


Innate Abilities, Weirdness & Mutations

You reflexively headbutt those who attack you in melee.
You have a pair of horns on your head.
You are partially covered in icy blue scales. (AC +2)
You are resistant to hostile enchantments. (MR+)


Message History

You barely miss the orc. You hit the orc warrior. The orc barely misses you.
Unknown command.
The orc throws a boomerang of dispersal.
The boomerang of dispersal hits you but does no damage.
The orc barely misses you.
Found a stone staircase leading up.
The orc throws a boomerang of dispersal.
The boomerang of dispersal hits you.
You blink.
Found 18 gold pieces.
The stone giant throws a large rock.
The large rock hits you!!
The cyclops throws a large rock.
The large rock hits you!
The cyclops throws a large rock.
The large rock hits you but does no damage.
There is a stone staircase leading up, spattered with blood here.
You see here 3 large rocks.
The stone giant throws a large rock.
The large rock hits you!!
* * * LOW HITPOINT WARNING * * *
The orc priest miscasts a cantrip.
The cyclops throws a large rock.
The large rock hits you!!
You die...

..............#
..............#
..o......$....#
.#....§......#
........oO...##
.<#..#..oo....#
.......)$(....#
.##.#.......$.#
# ##.#.).(@##
...P.....#
.....C..C...#
.^...CP.P...#
............#
..........##
.8.∩....P..
..........
..P...P$.


You could see a stone giant, 2 cyclopes, an orc warrior, an ogre, an orc priest
and an orc.

Vanquished Creatures
  Jorgrun (D:12)
  The ghost of Stajl the Grappler, a journeyman TrMo (Lair:2)
  A fire dragon (Volcano)
  Erolcha (D:11)
  6 hydras
  A centaur warrior (D:10)
  2 two-headed ogres
  A catoblepas (Lair:5)
  A dancing weapon (Lair:2)
  A hell hog (Volcano)
  Urug (Lair:5)
  3 unseen horrors
  Pikel (D:7)
  An orc knight (Orc:1)
  An ugly thing (D:10)
  A cyclops (D:11)
  5 elephants (Lair:2)
  8 oklob plants
  6 black mambas
  2 molten gargoyles (Volcano)
  2 centaur zombies
  Psyche (D:10)
  11 spiny frogs
  6 komodo dragons
  2 gargoyles (D:11)
  10 polar bears
  2 trolls (D:10)
  5 hornets
  The ghost of hemabe the Charlatan, an amateur HuAr of Trog (D:5)
  2 dream sheep (Lair:6)
  10 hippogriffs
  27 blink frogs
  Grum (D:9)
  26 yaks
  13 spriggans (Lair:6)
  7 fire bats
  3 basilisks
  Menkaure (D:6)
  5 steam dragons
  3 wargs
  12 water moccasins
  A hell hound (Volcano)
  13 porcupines
  4 slaves (D:7)
  4 ice beasts
  4 sky beasts
  16 orc warriors
  3 black bears
  3 phantoms
  7 boggarts (Lair:6)
  4 centaurs
  37 wolves
  A necrophage (D:8)
  10 ogres
  8 crocodiles
  5 big kobolds
  The ghost of anet the Magician, an amateur DEWz (D:3)
  Blork the orc (D:6)
  17 bullfrogs
  2 water moccasin skeletons
  5 scorpions
  7 killer bees
  4 wights (D:9)
  4 electric eels
  7 crimson imps
  4 lava snakes (Volcano)
  5 quasits
  2 bullfrog skeletons
  5 jellies
  2 bullfrog zombies
  A gnoll shaman (D:7)
  14 orc priests
  4 centaur skeletons
  6 hounds
  An iguana (D:5)
  7 worker ants
  19 orc wizards
  A killer bee zombie (D:5)
  A worker ant zombie (D:8)
  3 gnolls (D:7)
  22 adders
  5 shadow imps
  2 oozes
  An adder zombie (D:6)
  An adder skeleton (D:5)
  4 worms
  2 dart slugs (D:2)
  8 leopard geckos
  72 orcs
  4 ball pythons
  6 giant cockroaches
  5 hobgoblins
  6 jackals
  17 kobolds
  9 quokkas
  11 bats
  4 frilled lizards
  5 goblins
  A jackal skeleton (D:4)
  A leopard gecko zombie (D:6)
  A quokka skeleton (D:4)
  8 rats
  2 butterflies (Lair:2)
  4 fungi
  2 plants
641 creatures vanquished.

Vanquished Creatures (others)
  5 fungi
  13 plants
18 creatures vanquished.

Grand Total: 659 creatures vanquished

Notes
Turn   | Place    | Note
-------+----------+-------------------------------------------
     0 | D:1      | Froggeryz the Minotaur Berserker began the quest for the
                  | Orb.
     0 | D:1      | Reached XP level 1. HP: 19/19 MP: 0/0
   109 | D:1      | Reached skill level 4 in Axes
   182 | D:1      | Reached XP level 2. HP: 27/27 MP: 1/1
   813 | D:2      | Reached XP level 3. HP: 29/33 MP: 2/2
   862 | D:2      | Reached skill level 5 in Axes
  1381 | D:2      | Reached XP level 4. HP: 41/41 MP: 3/3
  1833 | D:2      | Reached ** piety under Trog
  2442 | D:3      | Noticed anet's ghost (amateur DEWz)
  2443 | D:3      | Found a transporter.
  2514 | D:3      | Reached skill level 5 in Fighting
  2514 | D:3      | Reached skill level 6 in Axes
  2514 | D:3      | Reached XP level 5. HP: 48/48 MP: 4/4
  2519 | D:3      | Killed anet's ghost
  2519 | D:3      | Reached skill level 7 in Axes
  2519 | D:3      | Reached XP level 6. HP: 57/57 MP: 5/5
  2529 | D:3      | Found a transporter.
  3272 | D:4      | Found a staircase to the Ecumenical Temple.
  3283 | Temple   | Entered the Ecumenical Temple
  3379 | Temple   | Reached skill level 8 in Axes
  3621 | D:4      | Reached XP level 7. HP: 59/63 MP: 6/6
  3776 | D:4      | Reached *** piety under Trog
  4099 | D:5      | Entered Level 5 of the Dungeon
  4106 | D:4      | Reached skill level 9 in Axes
  4182 | D:5      | Reached skill level 10 in Axes
  4228 | D:5      | Reached XP level 8. HP: 41/70 MP: 7/7
  4401 | D:5      | Reached skill level 11 in Axes
  4575 | D:5      | Found a white marble altar of Elyvilon.
  4736 | D:5      | Noticed hemabe's ghost (amateur HuAr)
  4737 | D:5      | Found a runed translucent gate.
  4737 | D:5      | Found a runed translucent gate.
  4737 | D:5      | Found a runed translucent gate.
  4741 | D:5      | Found a roughly hewn altar of Beogh.
  4742 | D:5      | Gained mutation: You are resistant to hostile enchantments.
                  | (MR+) [potion of mutation]
  4742 | D:5      | Gained mutation: You are partially covered in icy blue
                  | scales. (AC +2) [potion of mutation]
  4757 | D:5      | Killed hemabe's ghost
  4757 | D:5      | Reached skill level 12 in Axes
  4771 | D:5      | Reached **** piety under Trog
  4983 | D:6      | Noticed Blork the orc
  4989 | D:6      | Killed Blork the orc
  5009 | D:6      | Noticed Menkaure
  5023 | D:6      | HP: 1/70 [Menkaure (19)]
  5025 | D:6      | Killed Menkaure
  5420 | D:6      | Reached skill level 13 in Axes
  5641 | D:6      | Reached XP level 9. HP: 65/75 MP: 8/8
  6186 | D:7      | Noticed Pikel
  6188 | D:7      | Killed Pikel
  6188 | D:7      | Reached skill level 14 in Axes
  6216 | D:7      | Got a heavily runed scale mail
  6237 | D:7      | Identified the +2 scale mail of the Shore {rCorr Slay+2
                  | Stlth+} (You found it on level 7 of the Dungeon)
  6737 | D:8      | Reached skill level 15 in Axes
  6805 | D:8      | Reached ***** piety under Trog
  6886 | D:8      | Reached XP level 10. HP: 82/82 MP: 9/9
  7063 | D:8      | Noticed a two-headed ogre
  7071 | D:8      | Killed a two-headed ogre
  7071 | D:8      | Reached skill level 16 in Axes
  7071 | D:8      | Reached skill level 5 in Armour
  7315 | D:9      | Found a staircase to the Lair.
  7716 | D:9      | Noticed Grum
  7728 | D:9      | Killed Grum
  7828 | D:9      | Found an ornate altar of the Wu Jian Council.
  7878 | D:9      | Reached skill level 17 in Axes
  8216 | D:10     | Entered Level 10 of the Dungeon
  8281 | D:10     | Reached XP level 11. HP: 89/89 MP: 10/10
  8298 | D:10     | Noticed a brown ugly thing
  8312 | D:10     | Killed a brown ugly thing
  8440 | D:10     | Killed an unseen horror
  8556 | D:10     | Got a scorched chain mail
  8818 | D:10     | Reached skill level 18 in Axes
  8900 | D:10     | Noticed a centaur warrior
  8913 | D:10     | Killed a centaur warrior
  9265 | D:11     | Noticed a two-headed ogre
  9273 | D:11     | Reached ****** piety under Trog
  9277 | D:11     | Killed a two-headed ogre
  9401 | D:11     | Reached skill level 10 in Armour
  9512 | D:11     | Noticed Erolcha
  9520 | D:11     | Killed Erolcha
  9522 | D:11     | Reached skill level 19 in Axes
  9562 | D:11     | Reached XP level 12. HP: 94/97 MP: 11/11
  9895 | Lair:1   | Entered Level 1 of the Lair of Beasts
  9920 | Lair:1   | Noticed an eight-headed hydra
 10007 | Lair:1   | Received a gift from Trog
 10194 | Lair:1   | Identified the +3 chain mail "Sahiamam" {rElec rF- Int+3
                  | Dex+2} (You found it on level 10 of the Dungeon)
 11000 | Lair:2   | Found a staircase to the Snake Pit.
 11571 | Lair:2   | Found a runed translucent door.
 11571 | Lair:2   | Found a shimmering altar of Xom.
 11571 | Lair:2   | Noticed Stajl's ghost (journeyman TrMo)
 11624 | Lair:2   | Reached skill level 20 in Axes
 11993 | Lair:2   | Killed Stajl's ghost
 12418 | Lair:3   | Found a staircase to the Swamp.
 12463 | Lair:3   | Reached XP level 13. HP: 86/113 MP: 12/12
 12488 | Lair:3   | Reached skill level 10 in Fighting
 12534 | Lair:3   | Found a dark tunnel.
 12548 | Volcano  | Entered a volcano
 12845 | Volcano  | Found a burning altar of Makhleb.
 12857 | Volcano  | Reached skill level 21 in Axes
 12861 | Volcano  | Received a gift from Trog
 12879 | Volcano  | Noticed a fire dragon
 12887 | Volcano  | Killed a fire dragon
 14598 | Lair:5   | Noticed Urug
 14611 | Lair:5   | Killed Urug
 14864 | Lair:5   | Reached skill level 22 in Axes
 15489 | Lair:6   | Entered Level 6 of the Lair of Beasts
 16067 | Lair:6   | Reached XP level 14. HP: 121/126 MP: 13/13
 16890 | Lair:6   | Received a gift from Trog
 16956 | Lair:6   | Found a staircase to the Slime Pits.
 17646 | Lair:6   | Reached skill level 23 in Axes
 18816 | D:10     | Noticed Psyche
 18821 | D:10     | Killed Psyche
 18981 | D:12     | Received a gift from Trog
 19006 | D:12     | Noticed Jorgrun
 19021 | D:12     | Killed Jorgrun
 19136 | D:12     | Found a roughly hewn altar of Beogh.
 19745 | D:12     | Found a staircase to the Orcish Mines.
 19750 | Orc:1    | Entered Level 1 of the Orcish Mines
 19862 | Orc:1    | Received a gift from Trog
 20125 | Orc:2    | Entered Level 2 of the Orcish Mines
 20125 | Orc:2    | Found Hobaeri's General Store.
 20125 | Orc:2    | Noticed a stone giant
 20136 | Orc:2    | Hit by a large rock thrown by a cyclops

Levels and vault maps discovered:
D:1:      dpeg_arrival_central, layout_basic
D:2:      layout_basic
D:3:      layout_loops_corners, gammafunk_ghost_stat_death, first_ration
D:4:      layout_loops_ring, minmay_temple_entry_waves
D:5:      layout_rooms, elyvilon_altar_5, biasface_ghost_orc_armoury
D:6:      layout_loops_ring, uniq_menkaure, uniq_blork_the_orc
D:7:      layout_loops_ring, uniq_pikel
D:8:      cheibrodos_fzero, layout_rooms, blue_anna_alchemist
          [blue_anna_fruit_fields, blue_anna_fruit_fields]
D:9:      layout_long_grid, lemuel_doored_altar, erik_lair_orcish_takeover,
          uniq_grum
D:10:     layout_irregular_city, uniq_psyche
D:11:     layout_rooms, uniq_erolcha
D:12:     layout_roguey [special_room_orc], hiddenorc1_lemuel, uniq_jorgrun
Temple:   regret_index_temple_chain_breaker
Lair:1:   layout_roguey, serial_bayou_pond_b, chequers_serial_rivers_micro_a
Lair:2:   layout_hall_layers, minmay_snake_entry_six_corridors,
          ebering_ghost_xom, lemuel_fruit_fields
Lair:3:   beast_lair_carwin_large_2, layout_hall_layers, swamp_mist_pool,
          nicolae_volcano_entry_batcave
Lair:4:   layout_roguey, minmay_lair_oklob_chamber
Lair:5:   layout_loops_ring, uniq_urug
Lair:6:   minmay_lair_end_enchanted_forest, layout_cave_pods,
          minmay_slime_entry_oklob_open, kilobyte_rumbling_trees,
          infiniplex_staircase_pool
Orc:1:    layout_diamond_mine, nicolae_orc_stony_grotto
Orc:2:    grunt_orc_gardens, layout_caves, grunt_orc_garden, grunt_orc_garden,
          grunt_orc_garden, grunt_orc_garden, serial_shops,
          nicolae_shop_waterfront

Skill      XL: |  1  2  3  4  5  6  7  8  9 10 11 12 13 14 |
---------------+-------------------------------------------+-----
Axes           | 4 5 6 7 8 10 13 15 17 19 20 22 23 | 23.7
Fighting       | 4 5 6 9 12 13 | 13.8
Armour         | 4 7 10 | 10.0
Dodging        | |  2.1

Action                   |  1- 3 |  4- 6 |  7- 9 | 10-12 | 13-15 || total
-------------------------+-------+-------+-------+-------+-------++-------
Melee: Hand axe          |    53 |   123 |   300 |   558 |    92 ||  1126
       Headbutt          |     7 |    22 |    77 |   135 |   152 ||   393
       Battleaxe         |       |       |       |     6 |   439 ||   445
       Glaive            |       |       |       |       |    27 ||    27
Invok: Berserk           |     1 |     2 |     3 |     5 |     3 ||    14
       Trog's Hand       |       |       |       |     2 |     2 ||     4
Evoke: Wand              |       |       |       |     4 |    11 ||    15
  Use: Potion            |     1 |     6 |     4 |     6 |     3 ||    20
       Scroll            |       |       |    11 |     8 |     7 ||    26
 Stab: Sleeping          |       |     4 |     1 |       |     1 ||     6
       Distracted        |       |       |     1 |       |       ||     1
  Eat: Chunk             |     2 |     6 |    13 |    20 |    23 ||    64
       Ration            |       |     1 |       |     1 |     1 ||     3
Armor: Animal skin       |     4 |    30 |       |       |       ||    34
       Ring mail         |       |     5 |    60 |       |       ||    65
       Scale mail        |       |       |    27 |   226 |   268 ||   521
Dodge: Dodged            |    38 |   115 |   110 |   185 |   215 ||   663

Table legend:
 A = Non-vault XP
 B = Vault XP
 C = Vault XP percentage of total XP
 D = Non-vault monster count
 E = Vault monster count
 F = Vault count percentage of total count
                 A         B        C        D         E       F
            +---------+---------+-------+---------+---------+-------
      Total |   55777 |   37859 |  40.4 |     435 |     194 |  30.8
            +---------+---------+-------+---------+---------+-------
        D:1 |      29 |       0 |   0.0 |      12 |       0 |   0.0
        D:2 |     120 |       0 |   0.0 |      28 |       0 |   0.0
        D:3 |      60 |     277 |  82.2 |      21 |       5 |  19.2
        D:4 |     513 |       0 |   0.0 |      19 |       0 |   0.0
        D:5 |    1023 |     337 |  24.8 |      27 |       9 |  25.0
        D:6 |     425 |     266 |  38.5 |      12 |       2 |  14.3
        D:7 |     792 |     685 |  46.4 |      19 |       1 |   5.0
        D:8 |    2228 |     545 |  19.7 |      32 |      11 |  25.6
        D:9 |    1876 |    1231 |  39.6 |      29 |      12 |  29.3
       D:10 |    5983 |     410 |   6.4 |      30 |       1 |   3.2
       D:11 |    4987 |    1019 |  17.0 |      41 |       1 |   2.4
       D:12 |    3109 |    4594 |  59.6 |      21 |      43 |  67.2
     Temple |      47 |       0 |   0.0 |       3 |       0 |   0.0
     Lair:1 |    3449 |       0 |   0.0 |      23 |       0 |   0.0
     Lair:2 |    6267 |    4238 |  40.3 |      22 |      17 |  43.6
     Lair:3 |    3007 |    2215 |  42.4 |      14 |       9 |  39.1
     Lair:4 |    6946 |    3149 |  31.2 |      20 |       7 |  25.9
     Lair:5 |    5323 |     796 |  13.0 |      15 |       1 |   6.2
     Lair:6 |    8239 |   13637 |  62.3 |      35 |      58 |  62.4
      Orc:1 |    1316 |       0 |   0.0 |      10 |       0 |   0.0
      Orc:2 |      38 |       0 |   0.0 |       2 |       0 |   0.0
    Volcano |       0 |    4460 | 100.0 |       0 |      17 | 100.0
            +---------+---------+-------+---------+---------+-------
